 Dungeon Crawl Stone Soup version 0.22.1-2-g9c5b331 (webtiles) character file.

105 Lui the Skirmisher (level 4, -3/41 HPs)
             Began as a Draconian Chaos Knight on Dec 28, 2018.
             Slain by a worm (10 damage)
             ... on level 2 of the Dungeon.
             The game lasted 00:14:18 (717 turns).

Lui the Skirmisher (Draconian Chaos Knight)          Turns: 717, Time: 00:14:19

Health: -3/41      AC:  5    Str: 15    XL:     4   Next: 53%
Magic:  4/4        EV: 12    Int: 12    God:    Xom [....*.]
Gold:   74         SH:  0    Dex: 11    Spells: 3/3 levels left

rFire    . . .     SeeInvis .   f - -3 short sword (curse)
rCold    . . .     Gourm    .   (no shield)
rNeg     . . .     Faith    .   (armour unavailable)
rPois    .         Spirit   .   (helmet restricted)
rElec    .         Reflect  .   (no cloak)
rCorr    .         Harm     .   (no gloves)
MR       .....                  (no boots)
Stlth    +.........             c - amulet of rage
HPRegen  0.13/turn              (no ring)
MPRegen  0.09/turn              (no ring)

@: no status effects
A: unfitting armour, cold-blooded, AC +5
a: Renounce Religion, Evoke Berserk Rage


You were on level 2 of the Dungeon.
You worshipped Xom.
You were a beloved toy of Xom.
You were not hungry.

You visited 1 branch of the dungeon, and saw 2 of its levels.

You collected 74 gold pieces.

Inventory:

Hand Weapons
 a - a +1 hand axe of chaos
 f - a cursed -3 short sword (weapon)
Jewellery
 c - an amulet of rage (around neck)
Comestibles
 b - 2 rations


   Skills:
 + Level 4.4 Fighting
 + Level 0.2 Short Blades
 + Level 4.1 Axes
 + Level 2.7 Dodging
 + Level 0.2 Stealth


You had 3 spell levels left.
You didn't know any spells.
Your spell library was empty.

Dungeon Overview and Level Annotations

Branches:
Dungeon (2/15)

Altars:


Innate Abilities, Weirdness & Mutations

Your plain brown scales are hard. (AC +5)
You cannot fit into any form of body armour.
You are cold-blooded and may be slowed by cold attacks.


Message History

You hit the worm but do no damage.
The worm is severely wounded.
Xom grants you insight.
You detect creatures!
A giant cockroach comes into view.
You barely miss the worm.
The worm is severely wounded.
The worm bites you.
* * * LOW HITPOINT WARNING * * *
The worm bites you but does no damage.
You hit the worm but do no damage.
The worm is heavily wounded.
The worm bites you but does no damage. The worm bites you.
* * * LOW HITPOINT WARNING * * *
You hit the worm but do no damage.
Your tail-slap misses the worm.
The worm is heavily wounded.
You hit the worm.
The worm is severely wounded.
The worm bites you!
You die...

. #. s #. #.. #...
#...s##################
#>?.Kw@w...............
##...##################
#.. S ##


h You could see 2 worms, a giant cockroach and a kobold.

Vanquished Creatures
  A centaur (D:1)
  A dart slug (D:2)
  A leopard gecko (D:1)
  3 bats
  A giant cockroach (D:1)
  2 goblins
  3 hobgoblins
  5 kobolds
  2 quokkas (D:2)
  A frilled lizard (D:1)
  3 rats (D:1)
23 creatures vanquished.

Vanquished Creatures (others)
  A hobgoblin (D:2)
  2 bats (D:2)
3 creatures vanquished.

Grand Total: 26 creatures vanquished

Notes
Turn   | Place    | Note
-------+----------+-------------------------------------------
     0 | D:1      | Lui the Draconian Chaos Knight began the quest for the Orb.
     0 | D:1      | Reached XP level 1. HP: 19/19 MP: 1/1
   114 | D:1      | XOM: potion effect (brilliance)
   177 | D:1      | XOM: potion effect (haste)
   180 | D:1      | Noticed a centaur
   180 | D:1      | an ooze changed into a centaur
   181 | D:1      | Killed a centaur
   181 | D:1      | Reached XP level 2. HP: 14/28 MP: 2/2
   181 | D:1      | Reached XP level 3. HP: 17/34 MP: 3/3
   181 | D:1      | Reached XP level 4. HP: 21/41 MP: 4/4
   393 | D:1      | XOM: harmless Air miscast
   566 | D:2      | XOM: destruction
   588 | D:2      | HP: 2/41 [quokka (2)]
   591 | D:2      | Found a faded altar of an unknown god.
   654 | D:2      | XOM: scenery: 1 doors open
   698 | D:2      | XOM: destruction
   707 | D:2      | HP: 2/41 [worm (8)]
   713 | D:2      | XOM: divination: detect creatures
   717 | D:2      | Slain by a worm

Skill      XL: |  1 |
---------------+----+-----
Fighting       | 4 |  4.4
Axes           | 4 |  4.1
Short Blades   | |  0.2
Dodging        | |  2.7
Stealth        | |  0.2

Action                   |  1- 3 |  4- 6 || total
-------------------------+-------+-------++-------
Melee: Hand axe          |     9 |    14 ||    23
       Tailslap          |     1 |    19 ||    20
       Short sword       |       |   145 ||   145
  Use: Potion            |       |     4 ||     4
       Scroll            |       |     2 ||     2
 Stab: Confused          |     1 |       ||     1
Armor: Skin              |     3 |    80 ||    83
Dodge: Dodged            |     2 |   158 ||   160
